 Dungeon Crawl Stone Soup version 0.24.0-123-gd5b16e6ec5 (webtiles) character file.

Game seed: 6504206203738444653, levelgen mode: deterministic

3230 Curus the Spear-Bearer (level 9, -10/75 HPs)
             Began as a Minotaur Gladiator on Feb 7, 2020.
             Was a Believer of Yredelemnul.
             Killed from afar by an electric eel (11 damage)
             ... with a bolt of electricity
             ... on level 7 of the Dungeon.
             The game lasted 00:34:25 (5265 turns).

Curus the Spear-Bearer (Minotaur Gladiator)         Turns: 5265, Time: 00:34:26

Health: -10/75     AC:  9    Str: 20    XL:     9   Next: 66%
Magic:  8/8        EV: 15    Int:  9    God:    Yredelemnul [**....]
Gold:   570        SH:  2    Dex: 14    Spells: 8/8 levels left

rFire    . . .     SeeInvis .   a - +1 trident
rCold    . . .     Gourm    .   (no shield)
rNeg     . . .     Faith    .   m - +1 troll leather armour
rPois    .         Spirit   .   (helmet unavailable)
rElec    .         Reflect  +   (no cloak)
rCorr    .         Harm     .   (no gloves)
MR       .....                  n - +1 pair of boots
Stlth    +.........             k - +2 amulet of reflection
HPRegen  0.62/turn              w - +2 ring of protection
MPRegen  0.11/turn              (no ring)

@: no status effects
A: retaliatory headbutt, horns 3, agile 1, clever 1, high mp 1
a: Animate Remains, Recall Undead Slaves, Injury Mirror, Renounce Religion


You were on level 7 of the Dungeon.
You worshipped Yredelemnul.
Yredelemnul was pleased with you.
You were very hungry.

You visited 2 branches of the dungeon, and saw 8 of its levels.
You also visited: Ossuary.

You collected 570 gold pieces.

Inventory:

Hand Weapons
 a - a +1 trident (weapon)
 p - a +0 bardiche
Missiles
 d - 3 throwing nets (quivered)
Armour
 b - a +0 leather armour
 c - a +1 hat
 m - a +1 troll leather armour (worn)
 n - a +1 pair of boots (worn)
Jewellery
 e - an uncursed ring of attention
 k - a +2 amulet of reflection (around neck)
 r - an uncursed ring of teleportation
 w - a +2 ring of protection (left hand)
Wands
 g - a wand of acid (6)
 s - a wand of flame (18)
 t - a wand of enslavement (4)
 u - a wand of paralysis (10)
Scrolls
 h - 10 scrolls of identify
 q - a scroll of magic mapping
 v - 4 scrolls of teleportation
 x - a scroll of remove curse
 y - a scroll of enchant armour
Potions
 i - 5 potions of curing
 j - 4 potions of brilliance
 l - 2 potions of magic
 o - 2 potions of haste
 z - a potion of heal wounds
Comestibles
 f - 19 rations


   Skills:
 + Level 6.0 Fighting
 - Level 14.0 Polearms
 - Level 2.0 Throwing
 + Level 6.1 Dodging


You had 8 spell levels left.
You didn't know any spells.
Your spell library contained the following spells:

 Spells                   Type           Power        Failure   Level  Hunger
 Summon Small Mammal      Summ           #...         43%         1    ##.....
 Call Imp                 Summ           #.......     58%         2    ###....
 Call Canine Familiar     Summ           #.......     82%         3    ####...
 Summon Guardian Golem    Hex/Summ       #.......     82%         3    ####...
 Summon Ice Beast         Ice/Summ       #.......     99%         4    #####..
 Summon Lightning Spire   Summ/Air       #.......     99%         4    #####..


Dungeon Overview and Level Annotations

Branches:
Dungeon (7/15)             Temple (1/1) D:4         Ossuary (visited)

Altars:
Cheibriados
Dithmenos
Elyvilon
Hepliaklqana
Makhleb
Qazlal
Ru
Sif Muna
Trog
Uskayaw
Vehumet
Xom
Yredelemnul
Zin

Annotations:
D:6 3 runed translucent doors, Curus's ghost, novice DsGl


Innate Abilities, Weirdness & Mutations

You reflexively headbutt those who attack you in melee.
You have a pair of large horns on your head.
You are agile. (Dex +2)
Your mind is acute. (Int +2)
You have an increased reservoir of magic. (+10% MP)


Message History

The bolt of electricity misses you.
Attack whom?
Press: ? - help, Dir - move target cursor, f/p - electric eel
Aim: an electric eel You reach to attack!
You hit the electric eel.
The electric eel is heavily wounded.
The electric eel shoots out a bolt of lightning at you!
The bolt of electricity hits you!
The electric eel shoots out a bolt of lightning at you!
The bolt of electricity hits the plant!
The bolt of electricity hits you!
* * * LOW HITPOINT WARNING * * *
The electric eel shoots out a bolt of lightning at you!
The bolt of electricity hits the plant!
The bolt of electricity hits you!
* * * LOW HITPOINT WARNING * * *
The electric eel shoots out a bolt of lightning at you!
The bolt of electricity hits you!
* * * LOW HITPOINT WARNING * * *
The bolt of electricity hits you!
You die...
Your body rises from the dead as a mindless zombie.

##...........#####...)##..##
##..
#...######............÷(..#
##..# #..##
##.......####.....###..##
...# ##..#...###
##.........# ..##
##..######### #.........##
.##
##..####≈≈≈..###...#####..(.
## #..####.####..≈#####
#.... #..# #.##..'##≈[...##
#..#. #..# #.#...@.#####..#
#..## #..# #.#.....##..'###
#..## #..# #≈#≈P.P≈#.....#
#..## # ##..#
#≈#...P}#.....# #..#.
#####..## #≈#$≈..≈#.P.PP#
..### ......##
#≈#≈;(;;#[P;..# .# # .....##
#≈##≈≈≈##$;≈?$# # ÷.####
##.######≈≈.;≈# .##
##...÷≈##≈≈≈###


You could see 3 electric eels.

Vanquished Creatures
  A tengu warrior (D:7)
  A hippogriff (D:7)
  Edmund (D:5)
  An orc warrior (D:7)
  3 ogres
  2 centaurs
  Blork the orc (D:4)
  A big kobold (D:7)
  8 bullfrogs
  A wyvern zombie (D:7)
  A jelly (D:6)
  4 crimson imps (D:5)
  3 bullfrog zombies
  2 hounds
  3 orc priests
  6 orc wizards
  Ijyb (D:4)
  A bullfrog skeleton (D:4)
  An iguana (D:4)
  Jessica (D:2)
  A worker ant (D:5)
  A hound skeleton (D:4)
  8 mummies (Ossuary)
  A worker ant zombie (D:5)
  3 gnolls (D:4)
  8 adders
  2 oozes
  An adder skeleton (D:5)
  4 worms
  4 dart slugs
  3 leopard geckos
  19 orcs
  5 giant cockroaches
  2 gnoll zombies (Ossuary)
  13 goblins
  2 hobgoblins
  12 jackals
  3 quokkas
  A ball python (D:1)
  11 bats
  8 frilled lizards
  4 hobgoblin zombies (Ossuary)
  A jackal skeleton (D:4)
  11 kobolds
  2 kobold zombies (Ossuary)
  A quokka skeleton (D:7)
  3 rats
  A butterfly (D:4)
178 creatures vanquished.

Notes
Turn   | Place    | Note
-------+----------+-------------------------------------------
     0 | D:1      | Curus the Minotaur Gladiator began the quest for the Orb.
     0 | D:1      | Reached XP level 1. HP: 18/18 MP: 0/0
     2 | D:1      | Noticed a tengu
     2 | D:1      | Noticed a formicid
     4 | D:1      | Noticed a demonspawn
     4 | D:1      | Noticed a centaur
     6 | D:1      | Noticed an octopode
     8 | D:1      | Noticed a draconian
     8 | D:1      | Noticed a troll
    10 | D:1      | Noticed an ogre
    10 | D:1      | Noticed a naga
    12 | D:1      | Noticed a vampire
    14 | D:1      | Noticed a minotaur
    16 | D:1      | Noticed a human
    16 | D:1      | Noticed a ghoul
    18 | D:1      | Noticed a felid
    18 | D:1      | Noticed a dwarf
    22 | D:1      | Noticed a halfling
    22 | D:1      | Noticed a demigod
    24 | D:1      | Noticed a spriggan
    26 | D:1      | Noticed a gargoyle
    26 | D:1      | Noticed an elf
    28 | D:1      | Noticed a vine stalker
    28 | D:1      | Noticed a merfolk
    93 | D:1      | Reached skill level 4 in Polearms
   113 | D:1      | Reached XP level 2. HP: 25/25 MP: 1/1
   484 | D:1      | Reached skill level 5 in Polearms
   625 | D:2      | Reached XP level 3. HP: 29/30 MP: 2/2
   765 | D:2      | Reached skill level 6 in Polearms
   765 | D:2      | Reached XP level 4. HP: 25/37 MP: 3/3
   838 | D:2      | Noticed Jessica
   844 | D:2      | Killed Jessica
  1197 | D:2      | Found a shadowy altar of Dithmenos.
  1284 | D:3      | You fall into a shaft and drop 1 floor!
  1321 | D:4      | Reached skill level 7 in Polearms
  1321 | D:4      | Reached XP level 5. HP: 34/42 MP: 4/4
  1368 | D:4      | Reached skill level 8 in Polearms
  1416 | D:3      | Reached XP level 6. HP: 50/50 MP: 5/5
  1464 | D:3      | Found a stormy altar of Qazlal.
  1573 | D:3      | Reached skill level 9 in Polearms
  1923 | D:4      | Reached XP level 7. HP: 40/56 MP: 6/6
  1990 | D:4      | Found a shimmering blue altar of Sif Muna.
  1990 | D:4      | Noticed Blork the orc
  1990 | D:4      | Noticed Ijyb
  1998 | D:4      | Killed Blork the orc
  1998 | D:4      | Reached skill level 10 in Polearms
  2000 | D:4      | Killed Ijyb
  2008 | D:5      | Entered Level 5 of the Dungeon
  2247 | D:4      | Found a staircase to the Ecumenical Temple.
  2252 | Temple   | Entered the Ecumenical Temple
  2313 | Temple   | Became a worshipper of Yredelemnul the Dark
  2629 | D:5      | Reached skill level 11 in Polearms
  2744 | D:5      | Noticed Edmund
  2760 | D:5      | Killed Edmund
  2760 | D:5      | Reached XP level 8. HP: 40/62 MP: 7/7
  2889 | D:5      | Reached * piety under Yredelemnul
  3026 | D:5      | Reached skill level 12 in Polearms
  3109 | D:5      | Found a radiant altar of Vehumet.
  3272 | D:6      | Noticed Curus's ghost (novice DsGl)
  3294 | D:6      | Found a runed translucent gate.
  3294 | D:6      | Found a runed translucent gate.
  3294 | D:6      | Found a runed translucent gate.
  3507 | D:6      | Reached skill level 13 in Polearms
  3644 | D:6      | Found a burning altar of Makhleb.
  3645 | D:6      | Found a bloodstained altar of Trog.
  3676 | D:6      | Found a sand-covered staircase.
  3685 | Ossuary  | Entered an ossuary
  3876 | Ossuary  | Gained mutation: You have a pair of large horns on your
                  | head. [potion of mutation]
  3876 | Ossuary  | Gained mutation: Your mind is acute. (Int +2) [potion of
                  | mutation]
  3876 | Ossuary  | Gained mutation: You have an increased reservoir of magic.
                  | (+10% MP) [potion of mutation]
  3876 | Ossuary  | Gained mutation: You are agile. (Dex +2) [potion of
                  | mutation]
  4479 | D:7      | Noticed a hippogriff
  4489 | D:7      | Killed a hippogriff
  4489 | D:7      | Reached XP level 9. HP: 38/68 MP: 8/8
  4491 | D:7      | Reached skill level 14 in Polearms
  4495 | D:7      | Reached ** piety under Yredelemnul
  4567 | D:7      | Found a white marble altar of Elyvilon.
  5036 | D:7      | Noticed a tengu warrior
  5054 | D:7      | Killed a tengu warrior
  5265 | D:7      | HP: 1/75 [electric eel/bolt of electricity (8)]
  5265 | D:7      | Killed from afar by an electric eel

Levels and vault maps discovered:
D:1:      kb_arrival_jail, layout_rooms
D:2:      layout_loops_ring, marbit_many_paths, chequers_serial_rivers_small_b,
          minmay_misc_feat_tiny, minmay_nonomino_d4, uniq_jessica
D:3:      layout_rooms, lemuel_doored_altar
D:4:      layout_rooms, minmay_temple_entry_butterflies, first_ration, tgw_sif,
          uniq_ijyb
D:5:      layout_loops_cross, lemuel_crystal_altar, minmay_ogre_servants,
          uniq_edmund
D:6:      layout_gridville, gammafunk_temple_overflow_pools,
          gammafunk_ghost_icy, chequers_ossuary_entry_cave
D:7:      cheibrodos_two_vegetables, layout_layer_cave, lemuel_round_altar
Temple:   oiseaux_autumnal_temple

Skill      XL: |  1  2  3  4  5  6  7  8  9 |
---------------+----------------------------+-----
Polearms       | 4 5 6 7 8 9 11 13 14 | 14.0
Fighting       | 6 |  6.0
Dodging        | 6 |  6.1
Throwing       | |  2.0

Action                   |  1- 3 |  4- 6 |  7- 9 || total
-------------------------+-------+-------+-------++-------
Melee: Trident           |    98 |   170 |   298 ||   566
       Headbutt          |     8 |    20 |    48 ||    76
Invok: Animate Remains   |       |       |     4 ||     4
Evoke: Wand              |       |       |     2 ||     2
  Use: Scroll            |     8 |     2 |     3 ||    13
       Potion            |     6 |     3 |     4 ||    13
  Eat: Chunk             |       |     3 |     8 ||    11
       Ration            |       |       |     1 ||     1
Armor: Leather armour    |    35 |     3 |       ||    38
       Troll leather arm |       |    26 |    46 ||    72
Dodge: Dodged            |    51 |    82 |    81 ||   214
Block: Other             |       |     8 |     5 ||    13
